 Dungeon Crawl Stone Soup version 0.18-a0-1789-gbeff17f (webtiles) character file.

9 macross the Sneak (level 2, 0/14 HPs)
             Began as a Spriggan Assassin on Apr 21, 2016.
             Was a Follower of Makhleb.
             Killed by nerve-wracking pain
             ... invoked by Jessica
              (10 damage)
             ... on level 2 of the Dungeon.
             The game lasted 00:03:16 (436 turns).

macross the Sneak (Spriggan Assassin)                Turns: 436, Time: 00:03:16

Health: 0/14       AC:  3    Str:  7    XL:     2   Next: 6%
Magic:  3/3        EV: 17    Int: 12    God:    Makhleb [*.....]
Gold:   27         SH:  0    Dex: 17    Spells: 0 memorised, 1 level left

rFire  . . .     SeeInvis +     a - +2 dagger
rCold  . . .     Gourm    .     c - +0 robe
rNeg   . . .     Faith    .     (shield restricted)
rPois  .         Spirit   .     (helmet restricted)
rElec  .         Dismiss  .     d - +0 cloak
rCorr  .         Reflect  .     (gloves unavailable)
SustAt .         Harm     .     (boots unavailable)
MR     .....                    (no amulet)
Stlth  ++++......               (no ring)
                                (no ring)

@: very quick, not resistant to hostile enchantments, stealthy
A: unfitting armour, see invisible, herbivore 3, speed 3, slow metabolism 2
a: Renounce Religion


You were on level 2 of the Dungeon.
You worshipped Makhleb.
Makhleb was aware of your devotion.
You were not hungry.

You visited 1 branch of the dungeon, and saw 2 of its levels.

You collected 27 gold pieces.

Inventory:

Hand Weapons
 a - a +2 dagger (weapon)
 b - a +0 blowgun
 i - a +0 dagger
Missiles
 e - 2 poisoned needles (quivered)
 f - 2 curare-tipped needles
Armour
 c - a +0 robe (worn)
 d - a +0 cloak (worn)
Scrolls
 h - a scroll of blinking {unknown}
Potions
 j - a potion of might
 k - a potion of lignification {unknown}
Comestibles
 g - a bread ration


   Skills:
 + Level 1.5 Fighting
 + Level 2.2 Short Blades
 + Level 2.0 Throwing
 + Level 1.5 Dodging
 + Level 6.6 Stealth


You had one spell level left.
You didn't know any spells.

Dungeon Overview and Level Annotations

Branches:
Dungeon (2/15)

Altars:
Makhleb

Annotations:
D:2 Jessica


Innate Abilities, Weirdness & Mutations

You are tiny and cannot use many weapons and most armour.
You have supernaturally acute eyesight.
You are a herbivore.
You cover ground extremely quickly.
You need consume almost no food.


Message History

Jessica is heavily wounded.
Jessica hits you.
You hit Jessica.
Jessica is almost dead.
Jessica mumbles some strange words.
Jessica blinks!
Tossing away (i - inventory):
e - 4 poisoned needles (quivered)
Press: ? - help, Shift-Dir - straight line, f/p - Jessica
Aim: Jessica, wearing a robe (almost dead, unusually strong)
You toss away a poisoned needle.
The poisoned needle hits Jessica.
Jessica is almost dead.
Tossing away (i - inventory):
e - 3 poisoned needles (quivered)
Press: ? - help, Shift-Dir - straight line, f/p - Jessica
Aim: Jessica, wearing a robe (almost dead, unusually strong)
You toss away a poisoned needle.
The poisoned needle hits Jessica.
Jessica is almost dead.
Jessica gestures at you while chanting. Pain shoots through your body!
Ouch! That really hurt!
You die...

...#.#.# ##.##.##.# #
>....#.. .........#
...###### #.......## ...#
#.###.#.# ...#
##.###.#.## ...#
#.%.......###### ...###
#...##......(..#
.........#...##..).@....#
................@......(#
.........#.#..##.#..(...#
...#### #!...(.......#
...# #.......######..
....# ####.#### .# ...#.#
... ..##. .##. .. # #.


You could see Jessica.

Vanquished Creatures
  2 bats
  A giant cockroach (D:1)
  A goblin (D:1)
  3 hobgoblins
  A rat (D:2)
8 creatures vanquished.

Notes
Turn   | Place    | Note
--------------------------------------------------------------
     0 | D:1      | macross the Spriggan Assassin began the quest for the Orb.
     0 | D:1      | Reached XP level 1. HP: 10/10 MP: 2/2
   118 | D:1      | Reached skill level 6 in Stealth
   322 | D:2      | Found a faded altar to an unknown god.
   348 | D:2      | Became a worshipper of Makhleb the Destroyer
   348 | D:2      | Reached * piety under Makhleb
   403 | D:2      | Reached XP level 2. HP: 14/14 MP: 3/3
   405 | D:2      | Noticed Jessica
   436 | D:2      | Killed from afar by Jessica

Vault maps used:
D:1:      nicolae_arrival_washed_ashore, minmay_misc_feat_secret_circle
D:2:      first_bread, ecumenical_altar_2, uniq_jessica

Skill      XL: |  1 |
---------------+----+-----
Stealth        | 6 |  6.6
Fighting       | |  1.5
Short Blades   | |  2.2
Throwing       | |  2.0
Dodging        | |  1.5

Action                   || total
-------------------------++-------
Melee: Dagger            ||    35
 Stab: Sleeping          ||     1
Armor: Robe              ||     6
Dodge: Dodged            ||    22
